PL
TOLEDO TITANS @ CALIFORNIA OCEANLINERS
06/09/2021
 
TOP OF THE 1ST
Toledo Titans batting - Pitching for California Oceanliners : LHP Lee Branch
Pitching: LHP Lee Branch
Batting: RHB Sherman Davis 0-0: Ball
1-0: Ground out 6-3 (Groundball, 6)
Batting: RHB Anthony Johnston 0-0: Foul Ball, location: 2F
0-1: Called Strike
0-2: Strikes out looking
Batting: RHB Pablo Trujillo 0-0: Foul Ball, location: 2F
0-1: Ball
1-1: Ground out 6-3 (Groundball, 6MS)
Top of the 1st over - 0 run(s), 0 hit(s), 0 error(s), 0 left on base; Toledo 0 - California 0
BOTTOM OF THE 1ST
California Oceanliners batting - Pitching for Toledo Titans : RHP Yusuke Saito
Pitching: RHP Yusuke Saito
Batting: LHB Nick Leonard 0-0: Called Strike
0-1: Ball
1-1: Ground out 6-3 (Groundball, 6)
Batting: RHB Nathan Clay 0-0: Called Strike
0-1: Ball
1-1: Ball
2-1: Fly out, F8 (Flyball, 8RM)
Batting: RHB Bernardo Herrera 0-0: Foul Ball, location: 2F
0-1: Ground out 6-3 (Groundball, 6)
Bottom of the 1st over - 0 run(s), 0 hit(s), 0 error(s), 0 left on base; Toledo 0 - California 0
TOP OF THE 2ND
Toledo Titans batting - Pitching for California Oceanliners : LHP Lee Branch
Batting: LHB Pedro Willis 0-0: Ball
1-0: Called Strike
1-1: Ball
2-1: Ball
3-1: Called Strike
3-2: Base on Balls
Batting: SHB Virgil Eberle 0-0: SINGLE (Groundball, 34D)
Pedro Willis to second
Batting: RHB Charles Jordan 0-0: Called Strike
0-1: Ball
1-1: Foul Ball, location: 2F
1-2: Foul Ball, location: 2F
1-2: Foul Ball, location: 2F
1-2: Ball
2-2: SINGLE (Flyball, 89S)
Pedro Willis to third
Virgil Eberle to second
Batting: SHB Juan Sánchez 0-0: Foul Ball, location: 2F
0-1: Called Strike
0-2: Foul Ball, location: 2F
0-2: DOUBLE (Line Drive, 7LS)
Pedro Willis scores
Virgil Eberle scores
Charles Jordan to third
Batting: LHB Chris West 0-0: Called Strike
0-1: SINGLE (Groundball, 34D)
Charles Jordan scores
Juan Sánchez to third
Batting: RHB Juan Ramos 0-0: Ball
1-0: Ball
2-0: SINGLE (Groundball, 56D)
Juan Sánchez scores
Chris West to second
Batting: RHB Sherman Davis 0-0: Ball
1-0: SINGLE (Line Drive, 56D)
Chris West to third
Juan Ramos to second
Runner from 3rd tries for Home, SAFE, no throw or cutoff
Batting: RHB Anthony Johnston 0-0: Ball
1-0: Ball
2-0: Called Strike
2-1: Ball
3-1: Foul Ball, location: 2F
3-2: Fielders Choice at 2nd, 1-6 (Groundball, 15)
Juan Ramos to third
Batting: RHB Pablo Trujillo 0-0: Swinging Strike
0-1: Ball
1-1: Called Strike
1-2: Strikes out looking
Pitching: RHP Harrison Jones
Batting: LHB Pedro Willis 0-0: Called Strike
0-1: Ball
1-1: Foul Ball, location: 2F
1-2: SINGLE (Groundball, 56)
Juan Ramos scores
Anthony Johnston to second
Batting: SHB Virgil Eberle 0-0: Called Strike
0-1: Foul Ball, location: 2F
0-2: SINGLE (Groundball, 34D)
Anthony Johnston to third
Pedro Willis to second
Runner from 3rd tries for Home, SAFE, no throw or cutoff
Batting: RHB Charles Jordan 0-0: Called Strike
0-1: Ball
1-1: Foul Ball, location: 2F
1-2: Foul Ball, location: 2F
1-2: Strikes out swinging
Top of the 2nd over - 7 run(s), 8 hit(s), 0 error(s), 2 left on base; Toledo 7 - California 0
BOTTOM OF THE 2ND
California Oceanliners batting - Pitching for Toledo Titans : RHP Yusuke Saito
Batting: SHB Robbie Anderson 0-0: Swinging Strike
0-1: Ball
1-1: Swinging Strike
1-2: Ball
2-2: Strikes out swinging
Batting: RHB Lúcio Montoya 0-0: Ball
1-0: Ground out 6-3 (Groundball, 6M)
Batting: RHB Lawrence Bell 0-0: Ball
1-0: Swinging Strike
1-1: Ground out 4-3 (Groundball, 34)
Bottom of the 2nd over - 0 run(s), 0 hit(s), 0 error(s), 0 left on base; Toledo 7 - California 0
TOP OF THE 3RD
Toledo Titans batting - Pitching for California Oceanliners : RHP Harrison Jones
Batting: SHB Juan Sánchez 0-0: Called Strike
0-1: Ball
1-1: Foul Ball, location: 2F
1-2: Foul Ball, location: 2F
1-2: Ball
2-2: Foul Ball, location: 2F
2-2: Foul Ball, location: 2F
2-2: Foul Ball, location: 2F
2-2: SOLO HOME RUN (Flyball, 9D), Distance : 364 ft
Batting: LHB Chris West 0-0: Ball
1-0: Ball
2-0: Fly out, F9 (Flyball, 89M)
Batting: RHB Juan Ramos 0-0: Ball
1-0: Ground out 6-3 (Groundball, 6)
Batting: RHB Sherman Davis Single, Error in OF, E8, batter to second base
Batting: RHB Anthony Johnston 0-0: Ball
1-0: Ground out 4-3 (Groundball, 4)
Top of the 3rd over - 1 run(s), 2 hit(s), 1 error(s), 1 left on base; Toledo 8 - California 0
BOTTOM OF THE 3RD
California Oceanliners batting - Pitching for Toledo Titans : RHP Yusuke Saito
Batting: LHB Adrián Rodríguez 0-0: Ball
1-0: Called Strike
1-1: Ball
2-1: SINGLE (Groundball, 4M)
Batting: RHB Kurt Chappell 0-0: Grounds into double play, 6-4-3 (Groundball, 6M)
Batting: RHB Sang-yeon Kim 0-0: Ball
1-0: Called Strike
1-1: Ball
2-1: Ball
3-1: Fly out, F9 (Flyball, 9LSF)
Bottom of the 3rd over - 0 run(s), 1 hit(s), 0 error(s), 0 left on base; Toledo 8 - California 0
TOP OF THE 4TH
Toledo Titans batting - Pitching for California Oceanliners : RHP Harrison Jones
Batting: RHB Pablo Trujillo 0-0: Ground out 6-3 (Groundball, 6)
Batting: LHB Pedro Willis 0-0: Ball
1-0: Fly out, F8 (Flyball, 8RD)
Batting: SHB Virgil Eberle 0-0: Called Strike
0-1: Ground out 6-3 (Groundball, 6)
Top of the 4th over - 0 run(s), 0 hit(s), 0 error(s), 0 left on base; Toledo 8 - California 0
BOTTOM OF THE 4TH
California Oceanliners batting - Pitching for Toledo Titans : RHP Yusuke Saito
Batting: LHB Nick Leonard 0-0: Called Strike
0-1: Called Strike
0-2: SOLO HOME RUN (Line Drive, 8LXD), Distance : 430 ft
Batting: RHB Nathan Clay 0-0: Foul Ball, location: 2F
0-1: SINGLE (Groundball, 34S)
Batting: RHB Bernardo Herrera 0-0: Ball
1-0: Called Strike
1-1: Foul Ball, location: 2F
1-2: Fly out, F7 (Line Drive, 7M)
Batting: SHB Robbie Anderson 0-0: 2-RUN HOME RUN (Line Drive, 9D), Distance : 443 ft
Batting: RHB Lúcio Montoya 0-0: Ball
1-0: Called Strike
1-1: Ball
2-1: Fly out, F7 (Flyball, 7M)
Batting: RHB Lawrence Bell 0-0: Ball
1-0: Ball
2-0: Ball
3-0: Base on Balls
Batting: LHB Adrián Rodríguez 0-0: Ball
1-0: Ball
2-0: Called Strike
2-1: DOUBLE (Groundball, 5L)
Lawrence Bell to third
Batting: RHB Kurt Chappell 0-0: SINGLE (Groundball, 6M)
Lawrence Bell scores
Adrián Rodríguez to third
Runner from 3rd tries for Home, SAFE, no throw or cutoff
Batting: RHB Sang-yeon Kim 0-0: Ball
1-0: SINGLE (Flyball, 89S)
Kurt Chappell to second
Runner from 2nd tries for 3rd, SAFE, throw made to third
Batting: LHB Nick Leonard 0-0: Called Strike
0-1: Fly out, F2 (Popup, 2R)
Bottom of the 4th over - 5 run(s), 6 hit(s), 0 error(s), 2 left on base; Toledo 8 - California 5
TOP OF THE 5TH
Toledo Titans batting - Pitching for California Oceanliners : RHP Harrison Jones
Batting: RHB Charles Jordan 0-0: Ball
1-0: Ground out 4-3 (Groundball, 4)
Batting: SHB Juan Sánchez 0-0: Ball
1-0: Ball
2-0: Called Strike
2-1: Foul Ball, location: 2F
2-2: Ball
3-2: Ground out 1-3 (Groundball, 13)
Batting: LHB Chris West 0-0: Ball
1-0: Ground out 4-3 (Groundball, 4)
Top of the 5th over - 0 run(s), 0 hit(s), 0 error(s), 0 left on base; Toledo 8 - California 5
BOTTOM OF THE 5TH
California Oceanliners batting - Pitching for Toledo Titans : RHP Yusuke Saito
Pitching: RHP Ed White
Batting: RHB Nathan Clay 0-0: Ball
1-0: SINGLE (Groundball, 4M)
Batting: RHB Bernardo Herrera 0-0: Ball
1-0: Ball
2-0: SINGLE (Line Drive, 8LS)
Nathan Clay to second
Batting: SHB Robbie Anderson 0-0: Ball
1-0: Ball
2-0: Foul Ball, location: 2F
2-1: Swinging Strike
2-2: Ball
3-2: Foul Ball, location: 2F
3-2: Strikes out swinging
Batting: RHB Lúcio Montoya 0-0: Called Strike
0-1: Ball
1-1: Ball
2-1: Ground out 5-3 (Groundball, 5S)
Nathan Clay to third
Bernardo Herrera to second
Batting: RHB Lawrence Bell 0-0: Ball
1-0: Called Strike
1-1: Ball
2-1: 3-RUN HOME RUN (Flyball, 89XD), Distance : 386 ft
Batting: LHB Adrián Rodríguez 0-0: Foul Ball, location: 2F
0-1: Foul Ball, location: 2F
0-2: Strikes out swinging
Bottom of the 5th over - 3 run(s), 3 hit(s), 0 error(s), 0 left on base; Toledo 8 - California 8
TOP OF THE 6TH
Toledo Titans batting - Pitching for California Oceanliners : RHP Harrison Jones
Batting: RHB Juan Ramos 0-0: Ball
1-0: Fly out, F7 (Flyball, 7M)
Batting: RHB Sherman Davis 0-0: Swinging Strike
0-1: Called Strike
0-2: Ball
1-2: Strikes out swinging
Batting: RHB Anthony Johnston 0-0: Called Strike
0-1: Ball
1-1: Called Strike
1-2: Ball
2-2: Fly out, F2 (Popup, 2RF)
Top of the 6th over - 0 run(s), 0 hit(s), 0 error(s), 0 left on base; Toledo 8 - California 8
BOTTOM OF THE 6TH
California Oceanliners batting - Pitching for Toledo Titans : RHP Ed White
Pitching: RHP Adrián Ramos
Batting: RHB Kurt Chappell 0-0: Ball
1-0: Called Strike
1-1: Ball
2-1: Fly out, F7 (Flyball, 78S)
Batting: RHB Sang-yeon Kim 0-0: Called Strike
0-1: SINGLE (Groundball, 4)
Batting: LHB Nick Leonard 0-0: Called Strike
0-1: Ball
1-1: Grounds into double play, 3-6-1 (Groundball, 3)
Bottom of the 6th over - 0 run(s), 1 hit(s), 0 error(s), 0 left on base; Toledo 8 - California 8
TOP OF THE 7TH
Toledo Titans batting - Pitching for California Oceanliners : RHP Harrison Jones
Batting: RHB Pablo Trujillo 0-0: Ball
1-0: Ball
2-0: Called Strike
2-1: Foul Ball, location: 2F
2-2: Strikes out looking
Batting: LHB Pedro Willis 0-0: Ball
1-0: Ball
2-0: Ball
3-0: SINGLE (Groundball, 4MD)
Batting: SHB Virgil Eberle 0-0: Ball
1-0: Fly out, F8 (Flyball, 8LD)
Pinch Hitting: LHB Miguel Chávez 0-0: Ball
1-0: Ball
2-0: Ball
3-0: Called Strike
3-1: Swinging Strike
3-2: Fly out, F6 (Line Drive, 6)
Top of the 7th over - 0 run(s), 1 hit(s), 0 error(s), 1 left on base; Toledo 8 - California 8
BOTTOM OF THE 7TH
California Oceanliners batting - Pitching for Toledo Titans : RHP Adrián Ramos
Now in RF: Miguel Chávez
Pinch Hitting: LHB George Valentine 0-0: Foul Ball, location: 2F
0-1: Ball
1-1: Ball
2-1: Ball
3-1: Swinging Strike
3-2: Base on Balls
Batting: RHB Bernardo Herrera 0-0: Ball
1-0: Foul Ball, location: 2F
1-1: Foul Ball, location: 2F
1-2: Ball
2-2: Ball
3-2: SINGLE (Flyball, 8LS)
George Valentine to second
Runner from 2nd tries for 3rd, SAFE, throw made to third
Pinch Hitting: RHB Júlio Morín 0-0: Called Strike
0-1: Foul Ball, location: 2F
0-2: Ball
1-2: Foul Ball, location: 2F
1-2: Ball
2-2: Fly out, F7 (Line Drive, 7S)
Batting: RHB Lúcio Montoya 0-0: Ball
1-0: Called Strike
Bernardo Herrera steals 2nd base
1-1: Ball
2-1: Foul Ball, location: 2F
2-2: Fly out, F7 (Flyball, 78M)
Runner from 3rd tags up, SCORES, throw made
Batting: RHB Lawrence Bell 0-0: Ball
1-0: 2-RUN HOME RUN (Flyball, 8LXD), Distance : 425 ft
Batting: LHB Adrián Rodríguez 0-0: Ball
1-0: Ball
2-0: Ball
3-0: Called Strike
3-1: Ground out 5-3 (Groundball, 5S)
Bottom of the 7th over - 3 run(s), 2 hit(s), 0 error(s), 0 left on base; Toledo 8 - California 11
TOP OF THE 8TH
Toledo Titans batting - Pitching for California Oceanliners : RHP Harrison Jones
Now at 1B: George Valentine
Now in LF: Júlio Morín
Batting: SHB Juan Sánchez 0-0: Ball
1-0: Ball
2-0: Called Strike
2-1: Ball
3-1: Called Strike
3-2: Strikes out swinging
Batting: LHB Chris West 0-0: Ball
1-0: Swinging Strike
1-1: Fly out, F7 (Line Drive, 78M)
Batting: RHB Juan Ramos 0-0: Ball
1-0: Bunt missed!
1-1: SINGLE (Flyball, 89M)
Pitching: RHP Ole Kos
Batting: RHB Sherman Davis 0-0: Called Strike
0-1: Ground out 5-3 (Groundball, 5S)
Top of the 8th over - 0 run(s), 1 hit(s), 0 error(s), 1 left on base; Toledo 8 - California 11
BOTTOM OF THE 8TH
California Oceanliners batting - Pitching for Toledo Titans : RHP Adrián Ramos
Pitching: LHP Walt Johnston
Batting: RHB Kurt Chappell 0-0: Ball
1-0: Foul Ball, location: 2F
1-1: Ball
2-1: Ball
3-1: Base on Balls
Batting: RHB Sang-yeon Kim 0-0: Ball
1-0: Ball
2-0: Called Strike
2-1: Foul Ball, location: 2F
2-2: Strikes out looking
Batting: LHB Nick Leonard 0-0: Fly out, F3 (Line Drive, 3)
0-0: Lined into DP, U3 (Line Drive, 3)
Bottom of the 8th over - 0 run(s), 0 hit(s), 0 error(s), 0 left on base; Toledo 8 - California 11
TOP OF THE 9TH
Toledo Titans batting - Pitching for California Oceanliners : RHP Ole Kos
Batting: RHB Anthony Johnston 0-0: Foul Ball, location: 2F
0-1: Ground out 5-3 (Groundball, 56S)
Batting: RHB Pablo Trujillo 0-0: Called Strike
0-1: Ball
1-1: Swinging Strike
1-2: Ball
2-2: Strikes out swinging
Batting: LHB Pedro Willis 0-0: Ball
1-0: Swinging Strike
1-1: Ground out U3 (Groundball, 3S)
Top of the 9th over - 0 run(s), 0 hit(s), 0 error(s), 0 left on base; Toledo 8 - California 11
This league is powered by Out of the Park Baseball, the baseball management simulation game for PC, Mac and Linux
Friday, January 22nd, 2016 - OOTP Baseball 16.9 Build 39